 Dungeon Crawl Stone Soup version 0.29.1-1-gd02db6906a (webtiles) character file.

Game seed: 13290919157929742608

726 MisterFreud the Covert (level 7, -3/60 HPs)
             Began as a Gnoll Delver on Oct 7, 2022.
             Slain by an ufetubus (4 damage)
             ... on level 5 of the Dungeon.
             The game lasted 00:08:21 (4614 turns).

MisterFreud the Covert (Gnoll Delver)               Turns: 4614, Time: 00:08:22

Health: -3/60      AC:  0    Str:  8 (11) XL:     7   Next: 72%
Magic:  11/11      EV: 16    Int: 11 (12) God:
Gold:   150        SH:  0    Dex: 12 (13) Spells: 11/11 levels left

rFire   . . .      SeeInvis .     - Unarmed
rCold   . . .      Faith    .   (shield currently unavailable)
rNeg    . . .      Spirit   .   (body armour currently unavailable)
rPois   .          Reflect  .   (helmet currently unavailable)
rElec   .          Harm     .   (cloak currently unavailable)
rCorr   .          Rampage  .   (gloves currently unavailable)
Will    .....                   (boots currently unavailable)
Stlth   ++++......              (no amulet)
HPRegen 0.20/turn               (ring currently unavailable)
MPRegen 0.12/turn               (ring currently unavailable)

@: brilliant, pig-form, very quick
A: fast, no casting, small, (fangs 1), strong nose, distributed training
a: no special abilities


You were on level 5 of the Dungeon.
You were a filthy swine.
You visited 1 branch of the dungeon, and saw 6 of its levels.

You collected 150 gold pieces.

Inventory:

Hand Weapons
 a - a +0 short sword
 i - a +0 short sword of speed
 q - a +2 dagger of holy wrath
 r - the +6 spear of Autumn (melded) {antimagic, Fragile +Blink Str+5}
   (You found it on level 3 of the Dungeon)

   It reduces the magical energy of the wielder, and disrupts the spells and
   magical abilities of those it strikes.
   Natural abilities and divine invocations are not affected.
   Str:       It affects your strength (+5).
   +Blink:    It lets you blink.
   Fragile:   It will be destroyed if unequipped.
Missiles
 d - 6 boomerangs of dispersal
 t - 2 boomerangs (quivered)
Armour
 b - a +1 leather armour (melded)
 p - a +0 helmet (melded)
Jewellery
 s - the ring of the Snail (melded) {Will+ Str+3 Stlth+}
   (You found it on level 3 of the Dungeon)

   [ring of willpower]

   Str:       It affects your strength (+3).
   Will:      It increases your willpower.
   Stlth:     It makes you more stealthy.
 v - a ring of protection from cold (melded)
Wands
 g - a wand of digging (3)
Scrolls
 c - a scroll of fog
 e - a scroll of fear
 j - 2 scrolls of enchant armour
 m - 3 scrolls of magic mapping
Potions
 f - a potion of haste
 h - 2 potions of degeneration
 k - a potion of magic
 l - 2 potions of brilliance
 n - a potion of resistance {unknown}
 o - 2 potions of curing {unknown}
 u - a potion of lignification {unknown}
 w - a potion of invisibility {unknown}


   Skills:
 + Level 7.1 Fighting
 + Level 5.4 Short Blades
 + Level 2.8 Long Blades
 + Level 2.8 Axes
 + Level 2.8 Maces & Flails
 + Level 2.8 Polearms
 + Level 2.8 Staves
 + Level 2.8 Ranged Weapons
 + Level 2.8 Throwing
 + Level 2.8 Armour
 + Level 5.4 Dodging
 + Level 10.0 Stealth
 + Level 2.8 Shields
 + Level 2.8 Unarmed Combat
 + Level 2.8 Spellcasting
 + Level 2.2 Conjurations
 + Level 2.2 Hexes
 + Level 2.2 Summonings
 + Level 2.2 Necromancy
 + Level 2.2 Translocations
 + Level 2.2 Transmutations
 + Level 2.2 Fire Magic
 + Level 2.2 Ice Magic
 + Level 2.2 Air Magic
 + Level 2.2 Earth Magic
 + Level 2.2 Poison Magic
 + Level 3.1 Invocations
 + Level 2.8 Evocations


You had 11 spell levels left.
You didn't know any spells.
Your spell library contained the following spells:

 Spells                   Type           Power      Damage    Failure   Level
 Wereblood                Tmut           9%         N/A       16%         2
 Ozocubu's Armour         Ice            9%         N/A       32%         3
 Ice Form                 Ice/Tmut       9%         N/A       71%         4
 Dragon Form              Tmut           4%         N/A       100%        7
 Malign Gateway           Summ/Tloc      4%         N/A       100%        7
 Ozocubu's Refrigeration  Ice            4%         4d8       100%        7
 Storm Form               Tmut/Air       4%         N/A       100%        7
 Summon Horrible Things   Summ           4%         N/A       100%        8


Dungeon Overview and Level Annotations

Branches:
Dungeon (6/15)
 Temple: D:4-7

Altars:
Trog
Xom
Yredelemnul

Shops:
D:2 [   D:5 *

Annotations:
D:5 Edmund


Innate Abilities, Weirdness & Mutations

You are a filthy swine.
You move quickly.
Your equipment is almost entirely melded.
You are incapable of wielding weapons or throwing items.
You cannot cast spells.
((You have very sharp teeth.))
Your uncanny sense of smell can sniff out nearby items.
Your experience applies equally to all skills.


Message History

Unknown command.
Unknown command.
You hit Edmund but do no damage.
Edmund is lightly wounded.
The ufetubus hits you. The ufetubus closely misses you.
You hit Edmund but do no damage.
Edmund is lightly wounded.
The ufetubus closely misses you. The ufetubus hits you.
Edmund hits you with a +3 flail of protection.
You closely miss Edmund.
Edmund is lightly wounded.
The ufetubus misses you. The ufetubus hits you.
Edmund hits you with a +3 flail of protection!
The ufetubus hits you. The ufetubus closely misses you.
You hit Edmund but do no damage.
Edmund is lightly wounded.
Edmund closely misses you. The ufetubus hits you.
* * * LOW HITPOINT WARNING * * *
The ufetubus hits you.
* * * LOW HITPOINT WARNING * * *
Unknown command.
You barely miss the ufetubus. The ufetubus closely misses you.
The ufetubus hits you.
* * * LOW HITPOINT WARNING * * *
It was a potion of degeneration.
There was something very wrong with that liquid.
You feel weakened.
You feel dopey.
You feel clumsy. The ufetubus hits you.
* * * LOW HITPOINT WARNING * * *
The ufetubus misses you. x2; The ufetubus barely misses you.
It was a potion of brilliance.
You feel clever all of a sudden. The ufetubus completely misses you.
The ufetubus hits you.
* * * LOW HITPOINT WARNING * * *
It was a potion of magic.
Magic courses through your body. The ufetubus misses you.
The ufetubus closely misses you. The ufetubus hits you.
* * * LOW HITPOINT WARNING * * *
The ufetubus hits you.
You die...

****,* *** *#+#* #........
*,* **.######.######
#.......< *,*
*,.............#######.###
*,****.######.####.........#
*,,,,,,* ##...#############
******** #.....# ###...##
#..P♣## #♣.♣h# #♣.5P# #..@.#
*** #######.# ##### *,,
###.......##♣.P.## *,,
*#########.###..........#
*,,
,.......#...##.#.##♣....#
*,,
,*#####...∩....#.##.♣♣P.###
**,
,*#.....#...#.............#
*,


You could see Edmund and an ufetubus.

Vanquished Creatures
  3 phantoms
  A scorpion (D:5)
  A howler monkey (D:4)
  A hound (D:4)
  A jelly (D:6)
  A gnoll bouda (D:3)
  Jessica (D:2)
  An orc wizard (D:4)
  2 iguanas
  Robin (D:2)
  4 adders
  6 gnolls
  2 ufetubi
  2 dart slugs
  4 orcs
  5 ball pythons
  7 endoplasms
  4 giant cockroaches
  12 goblins
  14 hobgoblins
  3 jackals (D:1)
  8 quokkas
  2 bats (D:1)
  3 frilled lizards
  7 kobolds
  9 rats
105 creatures vanquished.

Vanquished Creatures (others)
  3 demonic plants (D:5)
3 creatures vanquished.

Grand Total: 108 creatures vanquished

Notes
Turn   | Place    | Note
-------+----------+-------------------------------------------
     0 | D:5      | Reached skill level 9 in Stealth
     0 | D:5      | MisterFreud the Gnoll Delver began the quest for the Orb.
     0 | D:5      | Reached XP level 1. HP: 23/23 MP: 1/1
     1 | D:6      | Noticed a jelly
     6 | D:6      | Killed a jelly
     7 | D:6      | Reached XP level 2. HP: 29/29 MP: 1/3
     7 | D:6      | Reached XP level 3. HP: 35/35 MP: 1/4
    55 | D:5      | Found Syefecsy's Gadget Gallery.
   133 | D:5      | Noticed a scorpion
   138 | D:5      | Killed a scorpion
   139 | D:5      | Reached skill level 1 in Long Blades
   139 | D:5      | Reached skill level 1 in Axes
   139 | D:5      | Reached skill level 1 in Maces & Flails
   139 | D:5      | Reached skill level 1 in Polearms
   139 | D:5      | Reached skill level 1 in Staves
   139 | D:5      | Reached skill level 1 in Ranged Weapons
   139 | D:5      | Reached skill level 1 in Throwing
   139 | D:5      | Reached skill level 1 in Armour
   139 | D:5      | Reached skill level 1 in Shields
   139 | D:5      | Reached skill level 1 in Unarmed Combat
   139 | D:5      | Reached skill level 1 in Spellcasting
   139 | D:5      | Reached skill level 1 in Conjurations
   139 | D:5      | Reached skill level 1 in Hexes
   139 | D:5      | Reached skill level 1 in Summonings
   139 | D:5      | Reached skill level 1 in Necromancy
   139 | D:5      | Reached skill level 1 in Translocations
   139 | D:5      | Reached skill level 1 in Transmutations
   139 | D:5      | Reached skill level 1 in Fire Magic
   139 | D:5      | Reached skill level 1 in Ice Magic
   139 | D:5      | Reached skill level 1 in Air Magic
   139 | D:5      | Reached skill level 1 in Earth Magic
   139 | D:5      | Reached skill level 1 in Poison Magic
   139 | D:5      | Reached skill level 1 in Invocations
   139 | D:5      | Reached skill level 1 in Evocations
   139 | D:5      | Reached XP level 4. HP: 41/41 MP: 5/5
   146 | D:5      | Noticed Edmund
   177 | D:5      | Noticed a scorpion
   204 | D:5      | Noticed a scorpion
   511 | D:5      | Noticed a phantom
   516 | D:5      | Killed a phantom
   517 | D:5      | Reached XP level 5. HP: 47/47 MP: 7/7
   690 | D:3      | Found a basalt altar of Yredelemnul.
   754 | D:3      | Noticed a phantom
  1022 | D:1      | Reached XP level 6. HP: 50/53 MP: 8/8
  1184 | D:1      | Got the Quarto of Changing
  1258 | D:1      | Found a faded altar of an unknown god.
  1658 | D:2      | Reached skill level 5 in Short Blades
  1658 | D:2      | Reached skill level 5 in Dodging
  2084 | D:2      | Found Kuxtotwu's Antique Armour Shoppe.
  2131 | D:2      | Found a shimmering altar of Xom.
  2131 | D:2      | Noticed Jessica
  2160 | D:2      | Killed Jessica
  2301 | D:2      | Noticed Robin
  2347 | D:2      | Killed Robin
  2954 | D:3      | Identified the +6 spear of Autumn {antimagic, Fragile
                  | +Blink Str+5}
  3104 | D:3      | Reached XP level 7. HP: 37/59 MP: 10/10
  3235 | D:3      | Identified the ring of the Snail {Will+ Str+3 Stlth+}
  3637 | D:3      | Found a bloodstained altar of Trog.
  4094 | D:4      | Reached skill level 10 in Stealth
  4613 | D:5      | HP: 3/60 [ufetubus (4)]
  4614 | D:5      | HP: 1/60 [ufetubus (2)]
  4614 | D:5      | Slain by an ufetubus

Illustrated notes

Levels and vault maps discovered:
D:1:      spicycebolla_arrival_ecumenical, layout_rooms,
          minmay_misc_feat_enclosed, st_stairs_1, minmay_hexomino_u4
D:2:      layout_loops_corners, serial_shops, shop_fountains, basic_altar,
          uniq_robin, uniq_jessica
D:3:      layout_loops_ring, lemuel_crystal_altar,
          mainiacjoe_overflow_small_starburst
D:4:      layout_cave_pools, serial_glass, glass_columns_a, glass_columns_a,
          glass_columns_c, glass_columns_c, glass_columns_b, glass_columns_b,
          glass_columns_a, glass_columns_b, glass_columns_a, glass_columns_b
D:5:      layout_loops_corners, serial_demonic, serial_demonic_c,
          serial_demonic_e, serial_demonic_c, serial_demonic_f,
          eino_small_chamber_without_monster, nicolae_shop_gadgets, uniq_edmund
D:6:      layout_loops_ring, nicolae_wu_jian_immortal_techniques

Skill      XL: |  1  2  3  4  5  6  7 |
---------------+----------------------+-----
Stealth        | 10 | 10.0
Long Blades    | 1 2 |  2.8
Axes           | 1 2 |  2.8
Maces & Flails | 1 2 |  2.8
Polearms       | 1 2 |  2.8
Staves         | 1 2 |  2.8
Ranged Weapons | 1 2 |  2.8
Throwing       | 1 2 |  2.8
Armour         | 1 2 |  2.8
Shields        | 1 2 |  2.8
Unarmed Combat | 1 2 |  2.8
Spellcasting   | 1 2 |  2.8
Conjurations   | 1 2 |  2.2
Hexes          | 1 2 |  2.2
Summonings     | 1 2 |  2.2
Necromancy     | 1 2 |  2.2
Translocations | 1 2 |  2.2
Transmutations | 1 2 |  2.2
Fire Magic     | 1 2 |  2.2
Ice Magic      | 1 2 |  2.2
Air Magic      | 1 2 |  2.2
Earth Magic    | 1 2 |  2.2
Poison Magic   | 1 2 |  2.2
Invocations    | 1 2 3 |  3.1
Evocations     | 1 2 |  2.8
Short Blades   | 5 |  5.4
Dodging        | 5 |  5.4
Fighting       | 7 |  7.1

Action                   |  1- 3 |  4- 6 |  7- 9 || total
-------------------------+-------+-------+-------++-------
Melee: Short sword       |     2 |   356 |       ||   358
       Bite              |       |    37 |    11 ||    48
       Punch             |       |     8 |     2 ||    10
       Spear             |       |       |   106 ||   106
       Unarmed           |       |       |     5 ||     5
Throw: Boomerang         |       |       |     3 ||     3
  Use: Scroll            |       |     9 |       ||     9
       Potion            |       |     1 |     3 ||     4
 Stab: Sleeping          |     2 |    21 |     6 ||    29
Armor: Leather armour    |       |    62 |    18 ||    80
Dodge: Dodged            |       |   150 |    83 ||   233
